Map: Temple of the Past

Players

CtG

  • Race: Protoss Protoss
  • Spawn Location: 0:00

WorldFrgttn

  • Race: Protoss Protoss
  • Spawn Location: 0:00

VOD

https://youtu.be/ONhbMXNlXKM

Description

Time

  • Played on: Nov. 14, 2018, 10:28 a.m.
  • Length: 26:29
Show
View Real Time Build Order
Export as new Build Order

CtG Protoss 

Build Orders:  

Get SALT Encoding   

  12  0:04  Probe (Chrono Boost)  
  13  0:17  Probe (Chrono Boost)  
  14  0:31  Probe (Chrono Boost)  
  15  0:46  Probe (Chrono Boost)  
  17  1:00  Probe (Chrono Boost)  
  17  1:10  Zoraya Legion  
  17  1:49  Ancient Nexus  
  17  1:55  Probe (Chrono Boost)  
  18  2:10  Xel'Naga Passageway  
  18  2:15  Probe (Chrono Boost)  
  19  2:29  Probe (Chrono Boost)  
  20  2:43  Probe (Chrono Boost)  
  21  3:16  Core Forge  
  21  3:21  Zoraya Legion  
  21  3:41  Probe (Chrono Boost)  
  21  3:42  Probe (Chrono Boost)  
  23  3:55  Probe (Chrono Boost)  
  23  3:57  Xel'Naga Passageway  
  24  4:14  Probe x2 (Chrono Boost)  
  26  4:28  Tesseract Cannon, Probe x2 (Chrono Boost)  
  28  4:41  Constructs Facility  
  28  4:42  Probe x2 (Chrono Boost)  
  30  4:56  Probe x2 (Chrono Boost)  
  32  5:10  Probe (Chrono Boost)  
  33  5:28  Probe x2 (Chrono Boost)  
  35  5:42  Probe (Chrono Boost)  
  36  6:04  Constructs Bay  
  36  6:09  Zoraya Legion  
  36  6:44  Xel'Naga Enforcer  
  40  6:50  Xel'Naga Ambusher  
  42  7:07  Xel'Naga Enforcer  
  46  7:26  Xel'Naga Ambusher  
  48  8:04  Xel'Naga Void Array x2  
  49  9:08  Zoraya Legion  
  49  9:24  Xel'Naga Ambusher  
  49  9:26  Xel'Naga Enforcer  
  55  10:24  Xel'Naga Enforcer  
  55  10:28  Xel'Naga Shieldguard  
  60  10:46  Tesseract Cannon  
  60  10:49  Tesseract Cannon  
  60  10:51  Tesseract Cannon  
  60  10:52  Tesseract Cannon  
  60  10:53  Tesseract Cannon x2  
  60  10:57  Tesseract Cannon  
  60  11:44  Zoraya Legion  
  60  12:03  Xel'Naga Enforcer  
  60  12:05  Xel'Naga Ambusher  
  60  12:09  Xel'Naga Void Array  
  66  12:25  Xel'Naga Enforcer  
  70  12:59  Xel'Naga Enforcer  
  74  14:17  Xel'Naga Enforcer  
  78  14:38  Xel'Naga Ambusher  
  78  14:39  Xel'Naga Enforcer  
  84  15:07  Xel'Naga Void Array  
  84  16:06  Xel'Naga Void Array  
  84  16:26  Xel'Naga Enforcer  
  84  16:28  Xel'Naga Ambusher  
  84  16:33  Xel'Naga Void Array  
  90  16:45  Xel'Naga Ambusher  
  90  16:48  Xel'Naga Enforcer  
  96  17:10  Xel'Naga Void Array  
  96  18:22  Zoraya Legion  
  96  18:48  Tesseract Cannon  
  96  18:50  Tesseract Cannon  
  96  18:51  Tesseract Cannon  
  96  18:53  Tesseract Cannon  
  96  18:56  Tesseract Cannon  
  96  18:57  Tesseract Cannon x2  
  96  19:00  Tesseract Cannon  
  96  19:27  Xel'Naga Void Array  
  96  19:52  Tesseract Cannon  
  96  19:53  Tesseract Cannon  
  96  19:54  Tesseract Cannon  
  96  19:56  Tesseract Cannon  
  96  19:58  Tesseract Cannon  
  96  20:36  Xel'Naga Enforcer  
  100  21:11  Tesseract Cannon  
  100  21:12  Tesseract Cannon  
  100  21:13  Tesseract Cannon  
  100  21:16  Tesseract Cannon  
  100  21:18  Tesseract Cannon  
  100  21:42  Xel'Naga Void Array  
  100  22:50  Zoraya Legion  
  100  23:37  Tesseract Cannon  
  100  23:38  Tesseract Cannon  
  100  23:40  Tesseract Cannon  
  100  23:42  Tesseract Cannon  
  100  23:44  Tesseract Cannon  
  100  23:47  Tesseract Cannon  
  100  23:49  Tesseract Cannon  
  100  23:50  Tesseract Cannon  
  100  23:52  Tesseract Cannon  
  100  24:39  Tesseract Cannon  
  100  24:40  Tesseract Cannon  
  100  24:42  Tesseract Cannon  
  100  24:45  Tesseract Cannon  
  100  24:46  Tesseract Cannon  
  100  24:57  Zoraya Legion  
Show
View Real Time Build Order
Export as new Build Order

WorldFrgttn Protoss 

Build Orders:  

Get SALT Encoding   

  12  0:03  Probe (Chrono Boost)  
  13  0:16  Probe (Chrono Boost)  
  14  0:29  Probe (Chrono Boost)  
  15  0:42  Probe (Chrono Boost)  
  15  0:47  Gateway  
  16  0:55  Probe (Chrono Boost)  
  17  1:08  Assimilator, Probe (Chrono Boost)  
  18  1:21  Probe (Chrono Boost)  
  19  1:34  Probe (Chrono Boost)  
  20  1:47  Probe (Chrono Boost)  
  21  1:54  Zealot  
  23  2:00  Probe (Chrono Boost)  
  24  2:12  Nexus  
  24  2:17  Probe (Chrono Boost)  
  25  2:22  Assimilator  
  25  2:30  Probe (Chrono Boost)  
  26  2:43  Probe (Chrono Boost)  
  26  2:45  Cybernetics Core  
  27  2:56  Probe (Chrono Boost)  
  28  3:09  Probe (Chrono Boost)  
  29  3:22  Pylon  
  29  3:24  Probe (Chrono Boost)  
  30  3:40  Probe (Chrono Boost)  
  30  3:48  Twilight Council  
  31  3:53  Probe (Chrono Boost)  
  31  3:54  Gateway  
  32  4:06  Probe (Chrono Boost)  
  32  4:08  Assimilator  
  33  4:11  Probe (Chrono Boost)  
  33  4:15  Assimilator  
  33  4:19  Probe (Chrono Boost)  
  35  4:24  Probe (Chrono Boost)  
  35  4:25  Trillic Compresion Mesh  
  36  4:32  Probe (Chrono Boost)  
  37  4:42  Templar Archives  
  37  4:52  Probe (Chrono Boost)  
  37  4:56  Probe (Chrono Boost)  
  37  4:59  Zealot  
  41  5:05  Probe (Chrono Boost)  
  43  5:13  Probe (Chrono Boost)  
  43  5:18  Probe (Chrono Boost)  
  34  5:30  Probe (Chrono Boost)  
  43  5:31  Probe (Chrono Boost)  
  44  5:41  Singularity Charge  
  44  5:44  Probe (Chrono Boost)  
  44  5:46  Probe (Chrono Boost)  
  46  5:50  Zealot  
  46  5:59  Dragoon x2  
  52  6:03  Probe (Chrono Boost)  
  51  6:21  Whirlwind  
  51  6:24  Psionic Storm  
  51  6:27  Probe (Chrono Boost)  
  53  6:31  Probe (Chrono Boost)  
  55  6:53  Probe (Chrono Boost)  
  54  7:04  Pylon  
  54  7:08  Dragoon  
  54  7:09  Dragoon, Gateway  
  58  7:10  Khaydarin Amulet  
  58  7:13  Gateway  
  58  7:21  Robotics Facility  
  58  7:49  Plasma Surge  
  58  7:50  Pylon  
  58  7:55  Charge  
  58  7:58  Dragoon x2  
  62  8:00  Dragoon  
  62  8:01  Dragoon  
  62  8:03  Pylon  
  66  8:49  Gateway  
  66  8:52  Gateway  
  66  8:57  Forge  
  66  9:00  Forge  
  66  9:28  High Templar x2  
  66  9:29  High Templar x3  
  76  9:30  High Templar  
  76  9:38  Zealot x3  
  76  9:39  Zealot x3  
  88  9:57  High Templar x2  
  92  10:00  Protoss Shields Level 1  
  86  10:18  Dragoon  
  86  10:19  Dragoon x2  
  88  10:26  Dragoon  
  88  10:47  Gateway  
  88  10:48  Protoss Ground Weapons Level 1  
  88  10:54  Gateway  
  88  11:20  Dragoon x3  
  88  11:21  Dragoon  
  88  11:26  Pylon  
  96  11:40  Pylon  
  96  12:02  Pylon  
  96  12:13  Protoss Shields Level 2  
  96  12:36  Zealot x3  
  96  12:37  Zealot  
  104  12:41  High Templar  
  104  12:45  High Templar  
  108  13:16  Zealot  
  108  13:17  Zealot x3  
  116  13:24  Photon Cannon  
  116  13:26  Photon Cannon  
  116  13:28  Photon Cannon  
  116  13:31  Photon Cannon  
  116  13:34  Photon Cannon  
  116  13:41  Photon Cannon  
  116  13:44  Photon Cannon  
  116  13:46  Photon Cannon  
  116  13:49  Photon Cannon  
  116  13:52  Photon Cannon  
  116  13:56  Photon Cannon  
  116  14:07  Observer  
  117  14:17  Zealot x2  
  121  14:29  Pylon  
  121  14:50  Protoss Shields Level 3  
  121  14:54  Zealot x5  
  121  14:55  Zealot x3  
  121  14:56  Protoss Ground Weapons Level 2  
  137  15:03  Photon Cannon  
  137  15:06  Photon Cannon  
  137  15:08  Photon Cannon  
  137  15:12  Photon Cannon x2  
  137  15:59  Photon Cannon  
  137  16:01  Photon Cannon  
  137  16:03  Photon Cannon  
  137  16:11  Zealot x5  
  137  16:14  Pylon  
  137  16:17  Pylon  
  147  16:23  Observer  
  147  16:26  Pylon  
  147  16:27  Observer  
  147  16:28  Observer  
  150  16:42  Photon Cannon  
  150  16:46  Photon Cannon  
  150  16:48  Photon Cannon  
  150  17:05  Zealot x4  
  150  17:06  Zealot x6  
  150  17:07  Zealot x2  
  174  17:49  Photon Cannon  
  174  17:52  Photon Cannon  
  174  17:55  Photon Cannon  
  174  18:04  Photon Cannon  
  174  18:07  Photon Cannon  
  172  18:10  Photon Cannon  
  170  18:26  High Templar x2  
  170  18:27  High Templar x2  
  164  18:42  Zealot x2  
  164  18:43  Dragoon x2  
  164  18:44  Dragoon x2  
  164  18:49  Dragoon  
  172  18:59  Zealot x2  
  176  19:22  Photon Cannon x2  
  176  19:26  Photon Cannon  
  176  19:57  Protoss Ground Weapons Level 3  
  176  20:11  Protoss Ground Armor Level 1  
  176  20:20  High Templar  
  176  20:21  High Templar  
  180  20:33  Archon  
  180  20:38  High Templar x2  
  184  20:41  High Templar  
  184  20:42  High Templar  
  184  20:49  Photon Cannon  
  188  20:50  Photon Cannon  
  188  20:55  Photon Cannon, High Templar  
  188  20:56  High Templar  
  188  20:57  Photon Cannon  
  188  20:59  Photon Cannon  
  192  21:01  Photon Cannon  
  192  21:44  Zealot  
  192  21:45  Zealot  
  192  21:46  Zealot  
  198  22:27  Zealot  
  196  22:55  High Templar x2  
  196  22:56  High Templar x2  
  198  23:42  High Templar x2  
  198  24:20  High Templar  
Tags
 
Add a new tag
Caveats
  • Supply blocks, unpowered buildings, or Contaminate may cause inaccurate times.
  • Supply counts are checked every 10 seconds.